 Dungeon Crawl Stone Soup version 0.32-a0-898-g7811c86cf0 (webtiles) character file.

Game seed: 18107305949872007343

2044709 ragingrage the Wrestler (level 27, 356/396 HPs)
             Began as an Oni Shapeshifter on Apr 4, 2024.
             Was the Champion of Nemelex Xobeh.
             Escaped with the Orb
             ... and 4 runes!
             The game lasted 02:03:34 (85657 turns).

ragingrage the Wrestler (Oni Shapeshifter)         Turns: 85657, Time: 02:03:34

Health: 356/396    AC: 35    Str: 34    XL:     27
Magic:  34/34      EV: 15    Int: 17    God:    Nemelex Xobeh [******]
Gold:   4344       SH: 22    Dex:  6    Spells: 25/40 levels left

rFire   + +          .
                       - Unarmed
rCold   + + .        w - +3 tower shield {AC+3}
rNeg    + . .        X - melded +1 faerie dragon scales {rF+ Will+ Regen+ rCorr SInv}
rPois   ∞            P - +2 hat of Death Resistance {rElec rC++ Dex-2}
rElec   +            t - +2 cloak
rCorr   .            (gloves unavailable)
SInv    .            (boots unavailable)
Will    +++..        a - amulet "Gourchah" {Acrobat Str+4 Dex-2}
Stlth   +            K - ring of Xom's Entertainment {rF+ Will+ Int+2}
HPRegen 0.86/turn    o - ring "Lyti" {rPois rF+ EV+5}
MPRegen 0.24/turn

%: acrobat
@: statue-form, studying Short Blades, very slow
A: slow and powerful, torment resistance 1, boosted hp, large, unfitting armour,
horns 1, (tough skin 1), double potion healing, drunken brawling, mutation
resistance 1
0: Orb of Zot
}: 4/15 runes: decaying, serpentine, silver, abyssal
a: Begin Untransformation, Renounce Religion, Draw Escape, Draw Destruction,
Draw Summoning, Draw Stack, Triple Draw, Deal Four, Stack Five


You escaped.
You worshipped Nemelex Xobeh.
Nemelex Xobeh was exalted by your worship.
You were a living statue of rough stone.
You visited 10 branches of the dungeon, and saw 48 of its levels.
You visited the Abyss 1 time.

You collected 8564 gold pieces.
You spent 4220 gold pieces at shops.

Inventory:

Missiles
 e - 22 curare-tipped darts
 q - 2 throwing nets
 B - 18 boomerangs
 C - 96 large rocks
Armour
 t - a +2 cloak (worn)
 w - a +3 tower shield of protection (worn)
 P - the +2 hat of Death Resistance (worn) {rElec rC++ Dex-2}
   (You acquired it on level 13 of the Dungeon)

   Dex-2:     It affects your dexterity (-2).
   rC++:      It greatly protects you from cold.
   rElec:     It insulates you from electricity.
 X - the +1 faerie dragon scales (melded) {rF+ Will+ Regen+ rCorr SInv}
   (You took it off the Enchantress on level 3 of the Depths)

   rF+:       It protects you from fire.
   Will+:     It increases your willpower.
   SInv:      It lets you see invisible.
   Regen+:    It increases your rate of health regeneration.
   rCorr:     It protects you from acid and corrosion.
Jewellery
 a - the amulet "Gourchah" (around neck) {Acrobat Str+4 Dex-2}
   (You took it off a deep elf demonologist on level 3 of the Elven Halls)

   [amulet of the acrobat]

   Acrobat:   It increases your evasion while moving and waiting.
   Str+4:     It affects your strength (+4).
   Dex-2:     It affects your dexterity (-2).
 i - the ring "Zanoic" {rN+ rCorr}
   (You took it off a deep elf annihilator on level 3 of the Elven Halls)

   [ring of resist corrosion]

   rN+:       It protects you from negative energy.
   rCorr:     It protects you from acid and corrosion.
 o - the ring "Lyti" (right fist) {rPois rF+ EV+5}
   (You found it on level 3 of the Vaults)

   [ring of evasion]

   EV+5:      It affects your evasion (+5).
   rF+:       It protects you from fire.
   rPois:     It protects you from poison.
 K - the ring of Xom's Entertainment (left fist) {rF+ Will+ Int+2}
   (You took it off a deep elf demonologist on level 3 of the Elven Halls)

   [ring of willpower]

   Int+2:     It affects your intelligence (+2).
   rF+:       It protects you from fire.
   Will+:     It increases your willpower.
Talismans
 h - a talisman of death
 Z - a granite talisman (active)
Wands
 b - a wand of flame (93)
 g - a wand of light (11)
 n - a wand of digging (12)
 J - a wand of paralysis (41)
 L - a wand of roots (47)
Scrolls
 j - 23 scrolls of teleportation
 k - 8 scrolls of immolation
 m - 2 scrolls of revelation
 s - 13 scrolls of fog
 v - a scroll of vulnerability
 y - 5 scrolls of fear
 z - 13 scrolls of noise
 F - 5 scrolls of poison
 I - 5 scrolls of summoning
 N - 8 scrolls of amnesia
 S - 3 scrolls of blinking
 V - a scroll of silence
 W - 3 scrolls of torment
Potions
 d - 2 potions of resistance
 f - 4 potions of berserk rage
 l - 6 potions of haste
 p - 9 potions of attraction
 r - 5 potions of invisibility
 u - 6 potions of brilliance
 x - 10 potions of enlightenment
 A - 15 potions of curing
 E - 6 potions of cancellation
 H - 7 potions of ambrosia
 M - 5 potions of might
 O - 7 potions of magic
 R - 9 potions of lignification
 U - 3 potions of mutation
 Y - 9 potions of heal wounds
Miscellaneous
 c - a phial of floods
 D - a tin of tremorstones (2/2)
 G - a lightning rod (4/4)
 Q - a sack of spiders
 T - a phantom mirror


   Skills:
 - Level 23.0 Fighting
 - Level 0.3 Throwing
 + Level 12.6 Dodging
 - Level 2.0 Stealth
 - Level 20.0 Shields
 - Level 23.0 Unarmed Combat
 - Level 7.0 Spellcasting
 - Level 3.1 Necromancy
 - Level 9.0 Translocations
 - Level 8.0 Air Magic
 - Level 15.9 Invocations
 - Level 9.9 Evocations
 - Level 16.0 Shapeshifting


You had 25 spell levels left.
You knew the following spells:

 Your Spells              Type           Power      Damage    Failure   Level
a - Blink                 Tloc           72%        N/A       1%          2
b - Death Channel         Necr           8%         N/A       100%        6
c - Passwall              Erth           5%         N/A       45%         3
f - Vhi's Electric Charg  Tloc/Air       68%        N/A       4%          4

Your spell library contained the following spells:

 Spells                   Type           Power      Damage    Failure   Level
 Apportation              Tloc           72%        N/A       1%          1
 Lesser Beckoning         Tloc           72%        N/A       1%          2
 Swiftness                Air            33%        N/A       1%          3
 Mercury Vapours          Alch/Air       38%        N/A       4%          2
 Momentum Strike          Conj/Tloc      42%        3d9       4%          2
 Static Discharge         Conj/Air       38%        3-5/arc   4%          2
 Cigotuvi's Dreadful Rot  Necr/Alch/Air  36%        N/A       5%          2
 Airstrike                Air            16%        2d(3-19)  6%          4
 Volatile Blastmotes      Fire/Tloc      42%        2d13      8%          3
 Fugue of the Fallen      Necr           16%        N/A       14%         3
 Magic Dart               Conj           20%        1d4       17%         1
 Sandblast                Erth           10%        2d5       17%         1
 Mephitic Cloud           Conj/Alch/Air  15%        N/A       17%         3
 Call Imp                 Summ           10%        N/A       26%         2
 Ensorcelled Hibernation  Hex/Ice        10%        N/A       26%         2
 Jinxbite                 Hex            10%        N/A       26%         2
 Scorch                   Fire           10%        2d5       26%         2
 Searing Ray              Conj           10%        2d4       26%         2
 Dimensional Bullseye     Hex/Tloc       10%        N/A       26%         4
 Iskenderun's Mystic Bla Conj/Tloc 21%            2d6        (+2d3     26%         4
 Summon Lightning Spire   Summ/Air       19%        N/A       32%         4
 Dispel Undead            Necr           16%        3d10      43%         4
 Call Canine Familiar     Summ           5%         N/A       45%         3
 Dazzling Flash           Conj/Hex       10%        N/A       45%         3
 Hailstorm                Conj/Ice       5%         3d5       45%         3
 Inner Flame              Hex/Fire       5%         N/A       45%         3
 Ozocubu's Armour         Ice            5%         N/A       45%         3
 Sigil of Binding         Hex            5%         N/A       45%         3
 Stone Arrow              Conj/Erth      10%        3d7       45%         3
 Summon Ice Beast         Ice/Summ       5%         N/A       45%         3
 Tukima's Dance           Hex            5%         N/A       45%         3
 Dispersal                Tloc           18%        N/A       54%         6
 Gell's Gavotte           Tloc           18%        2d(19-28) 54%         6
 Summon Forest            Summ/Tloc      10%        N/A       58%         5
 Anguish                  Hex/Necr       5%         N/A       65%         4
 Martyr's Knell           Necr/Summ      11%        N/A       65%         4
 Arcjolt                  Conj/Air       9%         1d19      65%         5
 Freezing Cloud           Conj/Ice/Air   7%         6-21      85%         5
 Brom's Barrelling Bould  Conj/Erth      5%         2d3       86%         4
 Cause Fear               Hex            2%         N/A       86%         4
 Flame Wave               Conj/Fire      5%         2d5       86%         4
 Fulminant Prism          Conj/Alch      2%         3d5       86%         4
 Leda's Liquefaction      Alch/Erth      2%         N/A       86%         4
 Olgreb's Toxic Radiance  Alch           5%         N/A       86%         4
 Petrify                  Alch/Erth      5%         N/A       86%         4
 Borgnjor's Vile Clutch   Necr/Erth      5%         N/A       94%         5
 Manifold Assault         Tloc           18%        N/A       98%         7
 Alistair's Intoxication  Alch           3%         N/A       99%         5
 Fireball                 Conj/Fire      2%         3d4       99%         5
 Irradiate                Conj/Alch      2%         3d12      99%         5
 Iskenderun's Battlesphe  Conj           5%         2d6       99%         5
 Lee's Rapid Deconstruct  Erth           2%         3d5*      99%         5
 Metabolic Englaciation   Hex/Ice        2%         N/A       99%         5
 Summon Mana Viper        Hex/Summ       5%         N/A       99%         5
 Yara's Violent Unravell  Hex/Alch       2%         3d3       99%         5
 Conjure Ball Lightning   Conj/Air       9%         3x3d6     99%         6
 Plasma Beam              Fire/Air       9%         2x1d20    99%         6
 Bombard                  Conj/Erth      2%         9d1       100%        6
 Eringya's Noxious Bog    Alch           2%         4d6       100%        6
 Permafrost Eruption      Ice/Erth       2%         2x4d2     100%        6
 Sculpt Simulacrum        Ice/Alch       2%         N/A       100%        6
 Starburst                Conj/Fire      2%         6d3       100%        6
 Summon Cactus Giant      Summ           2%         N/A       100%        6
 Haunt                    Necr/Summ      5%         N/A       100%        7
 Malign Gateway           Summ/Tloc      10%        N/A       100%        7
 Orb of Destruction       Conj           2%         9d5       100%        7
 Ozocubu's Refrigeration  Ice            2%         4d8       100%        7
 Spellforged Servitor     Conj/Summ      2%         N/A       100%        7
 Summon Hydra             Summ           2%         N/A       100%        7
 Borgnjor's Revivificati  Necr           8%         N/A       100%        8
 Discord                  Hex            2%         N/A       100%        8
 Disjunction              Tloc           18%        N/A       100%        8
 Ignition                 Fire           2%         3d3       100%        8
 Lehudib's Crystal Spear  Conj/Erth      2%         10d2      100%        8
 Maxwell's Capacitive Co  Air            16%        ∞         100%        8
 Summon Horrible Things   Summ           2%         N/A       100%        8
 Death's Door             Necr           8%         N/A       100%        9
 Dragon's Call            Summ           2%         N/A       100%        9
 Sublimation of Blood     Necr           Unusable   N/A       N/A         2

Dungeon Overview and Level Annotations

Branches:
Dungeon (15/15)            Temple (1/1) D:6            Lair (5/5) D:10
  Swamp (4/4) Lair:3        Snake (4/4) Lair:2        Slime (0/5) Lair:4
    Orc (2/2) D:9             Elf (3/3) Orc:2        Vaults (5/5) D:14
  Crypt (0/3) Vaults:3     Depths (4/4) D:15            Zot (5/5) Depths:4

Altars:
Ashenzari
Cheibriados
Elyvilon
Fedhas
Gozag
Hepliaklqana
Kikubaaqudgha
Makhleb
Nemelex Xobeh
Okawaru
Qazlal
Ru
Sif Muna
Trog
Uskayaw
Vehumet
Wu Jian
Xom
Yredelemnul
Zin
The Shining One
Jiyva
Lugonu

Shops:
Orc:1 (![(   Orc:2 *([=   Snake:3 ?   Vaults:1 [   Vaults:3 *   Vaults:5 ?!*!
Depths:1 (   Depths:2 *   Depths:4 *

Portals:
Hell: Depths:1 Depths:2 Depths:3 Depths:4
Abyss: Depths:1 Depths:3
Pandemonium: Depths:2 Depths:3
Ziggurat: Depths:4
Trove: D:13 (give 7 scrolls of fear)

Annotations:
D:6 2 transporters, Ikimono's ghost, novice DEAE
D:7 Maggie; Prince Ribbit
D:8 1 runed translucent door, KingCobr1's ghost, novice MiFi
D:11 2 transporters, Livid's ghost, journeyman CoGl
D:13 1 runed translucent door
Lair:4 1 runed translucent door
Swamp:1 1 runed translucent door, HilariousDeathArtist's ghost, adept CoBe
Snake:2 2 transporters, Gryn's ghost, adept VSBe
Elf:1 3 runed translucent doors, Yzanit's ghost, adept GnWn
Elf:2 3 runed translucent doors
Vaults:3 8 runed translucent doors, Qoas's ghost, adept GnCA


Innate Abilities, Weirdness & Mutations

You are a living statue of rough stone.
Your actions are slow, but your melee attacks are powerful.
You are resistant to unholy torment.
Your maximum health is greatly increased.
Your equipment is partially melded.
You are too large for most types of armour.
You are immune to poison.
You have a pair of small horns on your head.
((You have tough skin. (AC +1)))
You gain doubled healing and magic from potions.
Whenever you drink a healing potion, you attack all around you.
You are somewhat resistant to further mutation.


Message History

The reaper hits you with a +1 heavy scythe!!!
The reaper drags you backwards!
You punch the reaper! You headbutt the reaper!
You squash the reaper like an ant!!!
You kill the reaper!
(D) Dungeon (T) Temple (L) Lair (S) Swamp (P) Snake Pit (M) Slime Pits (O) Orcish Mines (E) Elven Halls (V) Vaults (C) Crypt (U) Depths (H) Hell (Z) Zot
Where to? (Tab/Enter - D:1 @ (x,y), ? - help)
What level of the Dungeon? (default 1, ? - help)
There is a stone staircase leading up here.
You climb upwards.
There is a stone staircase leading down here.
(D) Dungeon (T) Temple (L) Lair (S) Swamp (P) Snake Pit (M) Slime Pits (O) Orcish Mines (E) Elven Halls (V) Vaults (C) Crypt (U) Depths (H) Hell (Z) Zot
Where to? (Tab/Enter - D:1, ? - help)
What level of the Dungeon? (default 1, ? - help)
There is an open door here.
There is an open door here.
A red devil comes into view. It is wielding a +0 trident.
There is an open door here.
You block the red devil's attack.
You barely miss the red devil. You block the red devil's attack.
You pulverise the red devil!!!!
You kill the red devil!
No target in view!
No target in view!
(D) Dungeon (T) Temple (L) Lair (S) Swamp (P) Snake Pit (M) Slime Pits (O) Orcish Mines (E) Elven Halls (V) Vaults (C) Crypt (U) Depths (H) Hell (Z) Zot
Where to? (Tab/Enter - D:1 @ (x,y), ? - help)
There is an open door here.
You open the door.
There is an open door here.
There is a staircase leading out of the dungeon here.
You have escaped!

....................#.......#.#
##........#+####'#########..#(#
..........###PP#.#PP## #..#.#
.........###P~~#.#P.P## #....#
.........##P~~~#.#...P## #.####
.........#P~~~~#.#....P# #.#
).....(..#P~~~~#.#....P# #.#
.........#######.#########.#
.........+......I......'...#
.........#######.########..#
.......#.#P....#.#~~~~P###.#
.........#PP...#.#~~~~P# #.#
.........##PPP.#.#~~~P## #.#
.........###PPP#.#~~P## #.##
..........###PP#.#PP######..#
..........+.####+####.......##
..........#.........+.......>#


There were no monsters in sight!

Vanquished Creatures
  Frederick (Vaults:5)
  4 dread liches (Zot:5)
  4 ancient liches
  5 orbs of fire (Zot:5)
  Mara (Snake:3)
  Boris (thrice) (Vaults:4 Vaults:5 Zot:2)
  2 Killer Klowns
  3 curse toes
  8 golden dragons
  Nikola (Depths:2)
  2 profane servitors
  the Enchantress (Depths:3)
  A Brimstone Fiend (D:2)
  4 electric golems
  A hellephant (D:10)
  An Ice Fiend (D:10)
  Jorgrun (Elf:1)
  A lich (Abyss:3)
  25 Orb Guardians
  9 quicksilver dragons
  17 tentacled monstrosities
  2 deep elf blademasters (Elf:3)
  3 titans
  A deep elf master archer (Elf:3)
  An Executioner (Zot:5)
  4 tentacled starspawn (Abyss:3)
  3 sphinxes
  7 death cobs
  An eldritch tentacle (Abyss:3)
  Frances (Swamp:2)
  17 storm dragons
  Roxanne (Snake:4)
  8 tengu reavers
  7 thorn hunters
  6 shadow dragons
  7 nagarajas
  Aizul (Snake:4)
  2 draconian knights (Zot:3)
  2 protean progenitors (Zot:4)
  4 draconian monks
  2 pandemonium lords
  3 balrugs
  2 draconian shifters
  6 deep elf sorcerers (Elf:3)
  3 fire giants
  6 frost giants
  2 iron dragons
  A draconian scorcher (Zot:5)
  4 ghost moths
  2 reapers
  A cacodemon (Zot:1)
  12 vault wardens
  2 orc warlords
  4 deep elf elementalists
  2 draconian stormcallers (Zot:4)
  5 spriggan defenders
  5 draconian annihilators
  14 ironbound preservers
  11 ironbound thunderhulks
  4 green draconians
  2 vampire knights
  12 very ugly things
  A formless jellyfish (Vaults:2)
  13 stone giants
  4 deep elf death magi
  9 deep elf demonologists
  A lorocyproca (D:9)
  8 deep elf annihilators
  5 eleionomae
  4 yellow draconians
  8 purple draconians
  10 white draconians
  18 dire elephants
  A red draconian (Zot:4)
  5 bunyips
  A war gargoyle (Vaults:5)
  5 black draconians
  6 spark wasps
  Azrael (Snake:2)
  13 ettins
  A blizzard demon (D:10)
  2 merfolk impalers (Depths:1)
  2 pearl dragon zombies (Depths:1)
  A crystal guardian (Vaults:4)
  2 entropy weavers
  17 yaktaur captains
  10 fire dragons
  7 deep elf high priests
  3 jiangshi (Depths:2)
  A shambling mangrove (Swamp:2)
  20 hydras
  6 rakshasas
  A merfolk javelineer (Depths:1)
  2 peacekeepers
  7 great orbs of eyes
  3 ogre magi
  2 hell beasts
  Erolcha (Orc:1)
  7 ice dragons
  7 anacondas
  7 two-headed ogres
  A death knight (Depths:1)
  33 vault guards
  A ghost crab (Swamp:1)
  13 ironbound frosthearts
  A merfolk avatar (Abyss:3)
  7 spriggan air magi
  8 catoblepae
  2 boulder beetles
  2 satyrs
  12 dancing weapons
  6 deep troll earth magi
  7 alligators
  7 centaur warriors
  2 vampire magi
  6 deep troll shamans
  3 hell hogs (Depths:1)
  7 tengu warriors
  11 death yaks
  3 demonic crawlers
  3 occultists
  17 naga sharpshooters
  12 spriggan berserkers
  4 orc high priests
  17 naga warriors
  6 shock serpents
  7 sun demons
  Nergalle (Orc:1)
  18 spriggans
  11 hell knights
  7 deep elf knights
  A soul eater (Depths:2)
  A thrashing horror (Abyss:3)
  2 wretched stars (Abyss:3)
  5 iron trolls
  A shadow wraith (Vaults:5)
  5 skeletal warriors
  4 sea snakes (Snake:3)
  3 goliath frogs
  3 sixfirhies
  2 skysharks
  A skyshark (shapeshifter) (Vaults:5)
  42 deep trolls
  A cherub (Zot:5)
  5 deep elf archers
  6 spriggan druids
  9 swamp dragons (Swamp:4)
  5 salamander mystics
  6 large abominations
  3 glowing orange brains
  5 flayed ghosts
  4 phantasmal warriors
  4 naga ritualists
  4 arcanists
  An obsidian bat (D:9)
  A sea snake (shapeshifter) (Vaults:5)
  5 bog bodies
  2 steelbarb worms (Zot:3)
  7 lindwurms
  18 ironbound convokers
  29 deep elf pyromancers
  A tengu zombie (Vaults:4)
  11 orc knights
  3 mana vipers
  5 necromancers
  A thermic dynamo (Elf:1)
  A harpy (shapeshifter) (D:15)
  23 deep elf zephyrmancers
  12 starcursed masses (Abyss:3)
  6 cyclopes
  An orc sorcerer (Orc:2)
  An oklob plant (Lair:4)
  2 wolf spiders
  3 manticores
  Maurice (Orc:2)
  29 ugly things
  A cyclops (shapeshifter) (Depths:4)
  6 fauns (Depths:3)
  3 will-o-the-wisps
  15 salamanders
  15 vault sentinels
  18 moths of wrath
  4 apis skeletons (Depths:1)
  27 black mambas
  A toenail golem (Zot:5)
  7 kobold blastminers
  A salamander (shapeshifter) (Depths:3)
  An eye of devastation (shapeshifter) (Depths:1)
  4 meliai (D:14)
  2 elephants (Lair:5)
  16 naga magi
  A gargoyle (D:11)
  2 guardian serpents
  A smoke demon (Abyss:3)
  9 apocalypse crabs (Depths:2)
  A black mamba (shapeshifter) (D:14)
  2 water nymphs (Depths:3)
  An orange demon (Zot:1)
  14 cane toads
  A cane toad (shapeshifter) (D:12)
  2 torpor snails
  A torpor snail (shapeshifter) (Vaults:5)
  A hellion (Depths:2)
  2 freezing wraiths
  4 rime drakes
  9 komodo dragons
  26 yaktaurs
  A rime drake (shapeshifter) (Abyss:3)
  A komodo dragon (shapeshifter) (D:15)
  7 tengu conjurers
  2 ancient zymes (Abyss:3)
  A merfolk (shapeshifter) (Depths:4)
  An ice devil (D:11)
  3 tyrant leeches
  A red devil (D:1)
  A human skeleton (Vaults:4)
  8 trolls
  A queen bee (D:14)
  16 hornets
  6 polar bears
  6 raiju
  27 blink frogs
  A blink frog (shapeshifter) (Elf:2)
  2 dream sheep (Lair:5)
  2 ettin skeletons (Vaults:4)
  7 air elementals
  7 centaur simulacra (D:13)
  2 shadows (D:11)
  37 slime creatures
  12 water elementals
  2 vampires
  6 wyverns
  A fire bat (Vaults:3)
  A ynoxinul (Abyss:3)
  6 wraiths
  5 basilisks
  35 yaks
  Eustachio (D:4)
  8 fire elementals
  8 vampire mosquitoes
  A basilisk (shapeshifter) (D:14)
  5 wargs
  2 golden eyes (Vaults:5)
  2 steam dragons (Lair:3)
  A redback simulacrum (D:13)
  A chaos spawn (D:9)
  A redback (Vaults:5)
  4 small abominations
  40 nagas
  10 swamp worms
  2 acid dragons
  15 water moccasins
  A hell hound (Snake:2)
  A meliai simulacrum (D:15)
  A sky beast (D:7)
  9 swamp drakes
  22 orc warriors
  3 ice beasts
  An ogre (shapeshifter) (D:15)
  3 ogres
  11 boggarts
  2 crocodiles
  5 wolves
  5 centaurs
  A phantom (D:3)
  2 weeping skulls (Abyss:3)
  2 kobold brigands
  2 human zombies (Vaults:4)
  11 bullfrogs
  3 gnoll sergeants
  4 scorpions (D:7)
  4 earth elementals
  25 killer bees
  6 electric eels
  7 howler monkeys
  4 bombardier beetles
  7 crimson imps (D:10)
  7 orc priests
  Crazy Yiuf (D:5)
  A gnoll bouda (D:9)
  2 hounds (D:7)
  An iron imp (Abyss:3)
  3 sleepcaps
  4 iguanas
  7 hell rats
  16 orc wizards
  12 gnolls
  8 adders
  11 river rats
  3 shadow imps
  10 white imps
  An ufetubus (Abyss:3)
  A ribbon worm (D:2)
  2 dart slugs (D:4)
  50 orcs
  4 endoplasms
  A giant cockroach (D:2)
  2 hobgoblins
  3 jackals (D:4)
  10 quokkas
  6 ball pythons
  8 bats
  A frilled lizard (D:2)
  7 goblins
  11 kobolds
  18 rats
  3 starspawn tentacles (Abyss:3)
1883 creatures vanquished.

Vanquished Creatures (collateral kills)
  Vv (Depths:2)
  An Orb Guardian (Zot:5)
  A fire giant (Vaults:5)
  A draconian stormcaller (Zot:5)
  An ironbound preserver (Vaults:2)
  2 draconian annihilators (Zot:5)
  3 green draconians (Zot:5)
  A bunyip (Swamp:1)
  A deep elf annihilator (Vaults:5)
  A purple draconian (Zot:5)
  A yellow draconian (Zot:5)
  2 white draconians (Zot:5)
  Josephine (Lair:4)
  An ettin (Depths:2)
  5 vault guards
  An anaconda (Snake:3)
  A death drake (Lair:5)
  An ironbound convoker (Vaults:2)
  A steelbarb worm (Zot:4)
  3 ugly things
  A worldbinder (Abyss:3)
  A vault sentinel (Vaults:2)
  2 slime creatures (D:14)
  2 large abominations (Abyss:3)
  2 cane toads
  2 kobold demonologists (D:11)
  4 trolls (D:9)
  2 hornets (Swamp:1)
  3 blink frogs (Lair:2)
  A raiju (Abyss:3)
  A dream sheep (Lair:5)
  A spriggan (Swamp:1)
  3 wraiths
  12 yaks (D:11)
  A starcursed mass (Abyss:3)
  A naga (Lair:2)
  A water moccasin (Lair:2)
  A kobold brigand (D:11)
  A killer bee (D:9)
  An ufetubus (Abyss:3)
  An orc (D:9)
  3 kobolds (D:11)
77 creatures vanquished.

Vanquished Creatures (others)
  An eldritch tentacle (Abyss:3)
  A ghost moth (Zot:2)
  5 deep elf knights
  A deep elf pyromancer (Elf:1)
  A deep elf zephyrmancer (Elf:1)
  A will-o-the-wisp (Swamp:1)
  An apocalypse crab (Depths:2)
  A yaktaur (Vaults:2)
  A tengu conjurer (Depths:1)
  An ice devil (Depths:4)
  2 bloated husks
  A water elemental (D:14)
  A spriggan (Swamp:1)
  5 slime creatures (D:14)
  A starcursed mass (Abyss:3)
  A swamp worm (Swamp:1)
  A fire vortex (Depths:4)
  24 foxfires
  16 starspawn tentacles (Abyss:3)
66 creatures vanquished.

Grand Total: 2026 creatures vanquished

Notes
Turn   | Place    | Note
-------+----------+-------------------------------------------
     0 | D:1      | ragingrage the Oni Shapeshifter began the quest for the
                  | Orb.
     0 | D:1      | Reached XP level 1. HP: 19/19 MP: 1/1
   203 | D:1      | Reached XP level 2. HP: 27/27 MP: 2/2
   713 | D:2      | Reached skill level 1 in Stealth
   898 | D:2      | Reached XP level 3. HP: 33/33 MP: 3/3
  1591 | D:3      | Reached XP level 4. HP: 27/41 MP: 4/4
  1664 | D:3      | Found an ancient bone altar of Kikubaaqudgha.
  2236 | D:3      | Found a faded altar of an unknown god.
  2309 | D:3      | Noticed a phantom
  2319 | D:3      | Killed a phantom
  2320 | D:3      | Reached XP level 5. HP: 48/48 MP: 5/5
  2755 | D:4      | Reached skill level 5 in Unarmed Combat
  2886 | D:4      | Found a broken altar of Ashenzari.
  2886 | D:4      | Found a bloodstained altar of Trog.
  3377 | D:5      | Entered Level 5 of the Dungeon
  3414 | D:4      | Reached XP level 6. HP: 53/55 MP: 6/6
  3543 | D:5      | Noticed Eustachio
  3667 | D:4      | Killed Eustachio
  3985 | D:5      | Reached XP level 7. HP: 61/66 MP: 7/7
  4573 | D:5      | Found a sparkling altar of Nemelex Xobeh.
  4598 | D:5      | Found a runed translucent door.
  4599 | D:5      | Noticed Crazy Yiuf
  5103 | D:6      | Found a transporter.
  5103 | D:6      | Found a transporter.
  5107 | D:6      | Noticed a hornet
  5129 | D:6      | Noticed Ikimono's ghost (novice DEAE)
  5446 | D:6      | Found a staircase to the Ecumenical Temple.
  5455 | Temple   | Entered the Ecumenical Temple
  5511 | D:6      | Reached XP level 8. HP: 48/70 MP: 8/8
  5630 | D:5      | Became a worshipper of Nemelex Xobeh the Trickster
  6014 | D:6      | HP: 2/74 [ice beast (12)]
  6021 | D:6      | Reached skill level 5 in Fighting
  6711 | D:7      | Noticed Maggie
  6823 | D:7      | Noticed Prince Ribbit
  6902 | D:7      | Reached skill level 5 in Shapeshifting
  7235 | D:7      | Reached XP level 9. HP: 83/88 MP: 9/9
  7978 | D:7      | Found an ornate altar of the Wu Jian Council.
  7980 | D:7      | Found a white marble altar of Elyvilon.
  8223 | D:5      | Killed Crazy Yiuf
  8448 | D:8      | Reached * piety under Nemelex Xobeh
  9329 | D:8      | Noticed a two-headed ogre
  9391 | D:8      | Received a gift from Nemelex Xobeh
  9392 | D:8      | Killed a two-headed ogre
  9393 | D:8      | Reached skill level 10 in Fighting
  9393 | D:8      | Reached skill level 1 in Invocations
  9393 | D:8      | Reached XP level 10. HP: 110/110 MP: 9/11
  9456 | D:8      | Found a runed translucent door.
  9456 | D:8      | Found a shimmering altar of Xom.
  9456 | D:8      | Noticed KingCobr1's ghost (novice MiFi)
  9457 | D:8      | Noticed a +1 trident of chaos
  9871 | D:9      | Found a staircase to the Orcish Mines.
 10054 | D:9      | Noticed a cyclops
 10069 | D:9      | Killed a cyclops
 10391 | D:9      | Reached ** piety under Nemelex Xobeh
 10454 | D:9      | Received a gift from Nemelex Xobeh
 10490 | D:9      | Reached skill level 5 in Invocations
 10805 | D:9      | Found a stormy altar of Qazlal.
 11028 | D:10     | Entered Level 10 of the Dungeon
 11028 | D:10     | Noticed a two-headed ogre
 11092 | D:10     | Killed a two-headed ogre
 11617 | D:9      | Reached skill level 1 in Evocations
 11846 | D:10     | Received a gift from Nemelex Xobeh
 11970 | D:10     | Found a staircase to the Lair.
 12039 | D:10     | Reached XP level 11. HP: 30/127 MP: 14/14
 13004 | D:10     | Reached *** piety under Nemelex Xobeh
 13004 | D:10     | Received a gift from Nemelex Xobeh
 13408 | D:11     | Found a transporter.
 13523 | D:11     | Found a transporter.
 13523 | D:11     | Noticed a two-headed ogre
 13524 | D:11     | Noticed Livid's ghost (journeyman CoGl)
 13524 | D:11     | Noticed a two-headed ogre
 13526 | D:11     | Noticed a two-headed ogre
 13526 | D:11     | Noticed a two-headed ogre
 13527 | D:11     | Identified the +1 great mace of Mutilation {heavy, ^Contam
                  | rC+ Will+}
 13527 | D:11     | Identified the +3 dire flail of the Key {pain, Str+5}
 13527 | D:11     | Noticed a two-headed ogre
 13564 | D:11     | Noticed a sun demon
 13569 | D:12     | Noticed a two-headed ogre
 13581 | D:12     | Killed a two-headed ogre
 13890 | D:11     | Noticed a two-headed ogre
 13901 | D:11     | Killed a two-headed ogre
 14132 | D:12     | Noticed a deep elf pyromancer
 14144 | D:12     | Killed a deep elf pyromancer
 14334 | D:12     | Noticed a deep elf pyromancer
 14565 | D:12     | Killed a deep elf pyromancer
 14661 | D:12     | Noticed a two-headed ogre
 14671 | D:12     | Killed a two-headed ogre
 14964 | D:11     | Noticed a purple ugly thing
 14977 | D:11     | Killed a purple ugly thing
 14995 | D:11     | Reached XP level 12. HP: 66/136 MP: 18/18
 15007 | D:11     | Reached skill level 10 in Unarmed Combat
 15007 | D:11     | Reached skill level 5 in Evocations
 16605 | D:12     | Reached **** piety under Nemelex Xobeh
 16647 | D:12     | You fall into a shaft and drop 2 floors!
 16651 | D:14     | Received a gift from Nemelex Xobeh
 17124 | D:13     | Noticed a seven-headed hydra
 17124 | D:13     | Noticed a five-headed hydra
 17125 | D:13     | Noticed a centaur warrior
 17205 | D:13     | Noticed a tengu warrior
 17205 | D:13     | Noticed a two-headed ogre
 17205 | D:13     | Found a corrupted altar of Lugonu.
 17207 | D:13     | Noticed a tengu warrior
 17208 | D:13     | Killed a tengu warrior
 17215 | D:13     | Killed a two-headed ogre
 17215 | D:13     | Killed a tengu warrior
 17216 | D:13     | Reached skill level 10 in Invocations
 17217 | D:13     | Noticed a boulder beetle
 17658 | D:14     | Noticed a centaur warrior
 17660 | D:14     | Reached skill level 15 in Fighting
 17664 | D:14     | Reached XP level 13. HP: 96/149 MP: 20/20
 17852 | D:14     | Noticed a vault guard
 17864 | D:14     | Killed a vault guard
 17880 | D:14     | Noticed a vault guard
 17948 | D:14     | Noticed a vault guard
 17974 | D:14     | Killed a vault guard
 17974 | D:14     | Killed a vault guard
 17979 | D:14     | Noticed a vault guard
 17987 | D:14     | Killed a vault guard
 18156 | D:14     | Noticed a vault guard
 18164 | D:14     | Killed a vault guard
 18462 | D:14     | Noticed a vault guard
 18477 | D:14     | Killed a vault guard
 18503 | D:14     | Noticed a vault guard
 18617 | D:14     | Killed a vault guard
 18937 | D:14     | Noticed a vault guard
 18950 | D:14     | Killed a vault guard
 19572 | D:15     | Entered Level 15 of the Dungeon
 19754 | D:15     | Received a gift from Nemelex Xobeh
 19839 | D:14     | Found a gate to the Vaults.
 22039 | Lair:1   | Entered Level 1 of the Lair of Beasts
 22516 | Lair:1   | Reached XP level 14. HP: 149/162 MP: 23/23
 22811 | Lair:1   | Reached skill level 5 in Dodging
 23686 | Lair:2   | Received a gift from Nemelex Xobeh
 24380 | Lair:2   | Received a gift from Nemelex Xobeh
 24711 | Lair:2   | Found a staircase to the Snake Pit.
 24854 | Lair:2   | Received a gift from Nemelex Xobeh
 25000 | Lair:2   | Reached ***** piety under Nemelex Xobeh
 26022 | Lair:3   | Received a gift from Nemelex Xobeh
 26497 | Lair:4   | Found an iron altar of Okawaru.
 26502 | Lair:4   | Identified the -1 quarterstaff "Teruq" {speed, rPois
                  | Stlth+}
 26515 | Lair:4   | Noticed Josephine
 26522 | Lair:4   | Killed Josephine
 26690 | Lair:4   | Found a viscous altar of Jiyva.
 26690 | Lair:4   | Noticed an acid blob
 26692 | Lair:4   | Found a runed translucent door.
 27338 | Lair:4   | Found a staircase to the Slime Pits.
 27372 | Lair:4   | Received a gift from Nemelex Xobeh
 27593 | Lair:4   | Reached skill level 10 in Shapeshifting
 29016 | Lair:3   | Found a staircase to the Swamp.
 29907 | Lair:5   | Entered Level 5 of the Lair of Beasts
 29933 | Lair:5   | Received a gift from Nemelex Xobeh
 31598 | Lair:4   | Reached XP level 15. HP: 135/170 MP: 24/24
 31695 | Lair:5   | Learned a level 2 spell: Blink
 32866 | Lair:5   | Received a gift from Nemelex Xobeh
 33744 | Lair:5   | Received a gift from Nemelex Xobeh
 34640 | Orc:1    | Entered Level 1 of the Orcish Mines
 36080 | D:12     | Received a gift from Nemelex Xobeh
 37001 | D:13     | Found a runed translucent door.
 38846 | D:13     | Reached ****** piety under Nemelex Xobeh
 39152 | D:13     | Identified a scroll of acquirement
 39154 | D:13     | Acquired the +2 hat of Death Resistance {rElec rC++ Dex-2}
 39161 | D:13     | Received a gift from Nemelex Xobeh
 39455 | D:13     | Found a portal to a secret trove of treasure.
 40059 | Orc:1    | Found Nuxiukk's Antique Armour Emporium.
 40097 | Orc:1    | Found Mud Kuoh's Antique Weapon Shop.
 40213 | Orc:2    | Entered Level 2 of the Orcish Mines
 40213 | Orc:2    | Found a staircase to the Elven Halls.
 40218 | Orc:2    | Noticed Maurice
 40244 | Orc:2    | Killed Maurice
 40445 | Orc:2    | Reached XP level 16. HP: 183/183 MP: 25/25
 41645 | Orc:2    | Found Asuchush's Jewellery Shop.
 41919 | Orc:2    | Bought a granite talisman for 960 gold pieces
 41919 | Orc:2    | Bought a +4 ring of protection for 576 gold pieces
 42155 | Orc:2    | Found Zyrgheh's Antique Armour Emporium.
 42399 | Orc:2    | Found Gahoaric's General Store.
 42492 | Orc:2    | Bought a potion of heal wounds for 75 gold pieces
 42499 | Orc:2    | Found Naovi's Antique Weapon Emporium.
 42504 | Orc:2    | Received a gift from Nemelex Xobeh
 42677 | Orc:1    | Noticed Erolcha
 42677 | Orc:1    | Noticed Nergalle
 42677 | Orc:1    | Found Zafrij's Distillery.
 42681 | Orc:1    | Killed Nergalle
 42699 | Orc:1    | Killed Erolcha
 42781 | Orc:1    | Bought a potion of heal wounds for 65 gold pieces
 42781 | Orc:1    | Bought a potion of heal wounds for 65 gold pieces
 42822 | Orc:1    | Found Linea's Antique Weapon Boutique.
 43398 | D:15     | Received a gift from Nemelex Xobeh
 43988 | D:15     | Found a staircase to the Depths.
 45818 | Swamp:1  | Entered Level 1 of the Swamp
 45818 | Swamp:1  | Received a gift from Nemelex Xobeh
 46412 | Swamp:1  | Found a runed translucent door.
 46653 | Swamp:1  | Noticed HilariousDeathArtist's ghost (adept CoBe)
 46800 | Swamp:2  | Noticed a thorn hunter
 46912 | Swamp:2  | Killed a thorn hunter
 46974 | Swamp:2  | Noticed Frances
 47229 | Swamp:2  | Killed Frances
 47415 | Swamp:2  | Reached skill level 15 in Shapeshifting
 47683 | Swamp:3  | Received a gift from Nemelex Xobeh
 47774 | Swamp:3  | Noticed a thorn hunter
 47785 | Swamp:3  | Killed a thorn hunter
 47799 | Swamp:3  | Reached XP level 17. HP: 192/193 MP: 26/26
 48444 | Swamp:4  | Entered Level 4 of the Swamp
 48499 | Swamp:4  | Received a gift from Nemelex Xobeh
 49997 | Swamp:4  | Got a decaying rune of Zot
 50240 | Snake:1  | Entered Level 1 of the Snake Pit
 50294 | Snake:1  | Received a gift from Nemelex Xobeh
 50844 | Snake:1  | Received a gift from Nemelex Xobeh
 51014 | Snake:1  | Found an ancient bone altar of Kikubaaqudgha.
 51383 | Snake:2  | Received a gift from Nemelex Xobeh
 51506 | Snake:2  | Received a gift from Nemelex Xobeh
 51532 | Snake:2  | Noticed Azrael
 51541 | Snake:2  | Killed Azrael
 51920 | Snake:2  | Found a transporter.
 52148 | Snake:2  | Noticed Gryn's ghost (adept VSBe)
 52159 | Snake:2  | Received a gift from Nemelex Xobeh
 52172 | Snake:2  | Found a transporter.
 52328 | Snake:2  | Reached XP level 18. HP: 206/206 MP: 27/27
 52381 | Snake:2  | Found Ummocin's Overcharged Wands.
 52791 | Snake:3  | Found Dyriwn's Magic Scroll Shop.
 52794 | Snake:3  | Bought a scroll of teleportation for 42 gold pieces
 52794 | Snake:3  | Bought a scroll of teleportation for 42 gold pieces
 52833 | Snake:3  | Received a gift from Nemelex Xobeh
 53071 | Snake:3  | Reached skill level 15 in Unarmed Combat
 53289 | Snake:3  | Reached skill level 1 in Shields
 53738 | Snake:3  | Identified the +3 scale mail of the Irksome God {rPois rF+
                  | Str-2 Dex+5}
 53743 | Snake:4  | Entered Level 4 of the Snake Pit
 53863 | Snake:4  | Identified the serpent talisman of Tuomilug {*Slow Int+5
                  | Dex+4}
 53863 | Snake:4  | Noticed Aizul
 53863 | Snake:4  | Noticed Roxanne
 53876 | Snake:4  | Killed Aizul
 53881 | Snake:4  | Reached skill level 10 in Dodging
 54277 | Snake:4  | Received a gift from Nemelex Xobeh
 54643 | Snake:4  | Noticed Mara
 54741 | Snake:4  | Noticed ragingrage's illusion
 54819 | Snake:4  | Noticed ragingrage's illusion
 54894 | Snake:3  | Noticed ragingrage's illusion
 54901 | Snake:3  | Killed Mara
 55453 | Snake:4  | Received a gift from Nemelex Xobeh
 55522 | Snake:4  | Reached XP level 19. HP: 219/219 MP: 28/28
 55550 | Snake:4  | Got a serpentine rune of Zot
 55818 | Snake:4  | Killed Roxanne
 55819 | Snake:4  | Reached skill level 5 in Shields
 56126 | Elf:1    | Entered Level 1 of the Elven Halls
 56129 | Elf:1    | Noticed Jorgrun
 56137 | Elf:1    | Killed Jorgrun
 56252 | Elf:1    | Identified the +0 robe of the Kangaroo {^Contam rElec
                  | Str+3}
 56256 | Elf:1    | Received a gift from Nemelex Xobeh
 56365 | Elf:1    | Learned a level 6 spell: Death Channel
 56577 | Elf:1    | Received a gift from Nemelex Xobeh
 56637 | Elf:1    | Identified the serpent talisman of Defiance {rElec Str-2
                  | Stlth+}
 56848 | Elf:1    | Found a runed translucent gate.
 56849 | Elf:1    | Found a runed translucent gate.
 56849 | Elf:1    | Found a runed translucent gate.
 56849 | Elf:1    | Noticed Yzanit's ghost (adept GnWn)
 57173 | Elf:1    | Found an iron altar of Okawaru.
 57239 | Elf:2    | Paralysed by an air elemental for 1 turns
 57641 | Elf:2    | Got the Parchment of Graupel and the Xenolith
 57843 | Elf:2    | Paralysed by an air elemental for 1 turns
 57951 | Elf:2    | Received a gift from Nemelex Xobeh
 58159 | Elf:2    | Found a runed translucent gate.
 58160 | Elf:2    | Found a runed translucent gate.
 58160 | Elf:2    | Found a runed translucent gate.
 58424 | Elf:3    | Entered Level 3 of the Elven Halls
 58497 | Elf:3    | Received a gift from Nemelex Xobeh
 58498 | Elf:3    | Identified the quicksilver dragon scales of Cuuzaecze {+Inv
                  | rN+ Will+ Str+2 Stlth-}
 58685 | Elf:3    | Paralysed by an air elemental for 1 turns
 58820 | Elf:3    | Reached skill level 10 in Shields
 58908 | Elf:1    | Found a radiant altar of Vehumet.
 58967 | Elf:3    | Identified the +4 great sword of Yeast {freeze, *Slow rPois
                  | Str+2 Int+8}
 59175 | Elf:3    | Paralysed by an air elemental for 1 turns
 59184 | Elf:2    | Paralysed by an air elemental for 1 turns
 59558 | Elf:3    | Identified the amulet "Gourchah" {Acrobat Str+4 Dex-2}
 59563 | Elf:3    | Identified the ring "Zanoic" {rN+ rCorr}
 59684 | Elf:3    | Identified the amulet of Mitin {Faith Str+4 Int+2 SInv}
 59684 | Elf:3    | Identified the amulet "Ruwe" {+Inv rN+ Will+ RegenMP+
                  | Stlth+}
 59684 | Elf:3    | Identified the +5 morningstar of Conscience {pain, *Noise
                  | Str+4 Dex+4 SInv}
 59729 | Elf:3    | Paralysed by an air elemental for 1 turns
 59927 | Elf:3    | Reached XP level 20. HP: 228/228 MP: 29/29
 60137 | Elf:3    | Got Sif Muna's Omnibus of the Sparrow
 60152 | Elf:3    | Got the Monograph on Harmful Citrinitas
 60153 | Elf:3    | Identified the staff "Jukogg" {rElec rPois Earth Alchemy}
 60279 | Elf:3    | Identified the ring of Xom's Entertainment {rF+ Will+
                  | Int+2}
 60677 | Elf:3    | Identified the +1 ring mail of Gestures {rElec rPois}
 61215 | Vaults:1 | Entered Level 1 of the Vaults
 61964 | Vaults:1 | Received a gift from Nemelex Xobeh
 62016 | Vaults:1 | Found Iducvex's Armour Boutique.
 62316 | Vaults:1 | Identified the +1 robe of the Guilds {rElec rC+ Str+4}
 62539 | Vaults:2 | Received a gift from Nemelex Xobeh
 63401 | Vaults:2 | Received a gift from Nemelex Xobeh
 63406 | Vaults:2 | Learned a level 3 spell: Passwall
 63449 | Vaults:2 | Reached skill level 15 in Shields
 64410 | Vaults:3 | Reached XP level 21. HP: 237/237 MP: 30/30
 64421 | Vaults:3 | Identified the ring "Lyti" {rPois rF+ EV+5}
 64614 | Vaults:3 | Found Odanuma's Assorted Antiques.
 64622 | Vaults:3 | Bought a scroll of blinking for 300 gold pieces
 64645 | Vaults:3 | Found a large runed translucent door.
 64645 | Vaults:3 | Found a large runed translucent door.
 64645 | Vaults:3 | Found a large runed translucent door.
 64645 | Vaults:3 | Found a large runed translucent door.
 64645 | Vaults:3 | Found a large runed translucent door.
 64645 | Vaults:3 | Found a large runed translucent door.
 64645 | Vaults:3 | Found a large runed translucent door.
 64645 | Vaults:3 | Found a large runed translucent door.
 64645 | Vaults:3 | Noticed Qoas's ghost (adept GnCA)
 65191 | Vaults:3 | Received a gift from Nemelex Xobeh
 65194 | Vaults:3 | Identified the +8 short sword "Ximoz" {heavy, rElec Will-
                  | rCorr Stlth+}
 65330 | Vaults:3 | Received a gift from Nemelex Xobeh
 65654 | Vaults:3 | You fall into a shaft and drop 1 floor!
 65682 | Vaults:4 | Identified the +4 robe "Faruennai" {Will- rCorr Int+3}
 65682 | Vaults:4 | Noticed Boris
 66574 | Vaults:3 | Found a staircase to the Crypt.
 66574 | Vaults:3 | Found a basalt altar of Yredelemnul.
 66574 | Vaults:3 | Found an ancient bone altar of Kikubaaqudgha.
 66921 | Vaults:4 | Reached skill level 1 in Translocations
 67014 | Vaults:4 | Received a gift from Nemelex Xobeh
 67440 | Vaults:4 | Killed Boris
 68110 | Depths:1 | Entered Level 1 of the Depths
 68485 | D:15     | Reached XP level 22. HP: 252/252 MP: 31/31
 68829 | Depths:1 | Received a gift from Nemelex Xobeh
 69022 | Depths:1 | Found Kousor's Weapon Shoppe.
 69071 | Depths:1 | Found a gateway to Hell.
 69319 | Depths:1 | Found a one-way gate to the infinite horrors of the Abyss.
 69352 | Depths:1 | Received a gift from Nemelex Xobeh
 69361 | Depths:1 | Reached skill level 5 in Translocations
 69361 | Depths:1 | Noticed a profane servitor
 69372 | Depths:1 | Killed a profane servitor
 69478 | Depths:1 | Found a basalt altar of Yredelemnul.
 69720 | Depths:2 | Noticed Vv
 69728 | Depths:2 | Killed Vv
 69729 | Depths:2 | Reached skill level 1 in Necromancy
 69759 | Depths:2 | Noticed Nikola
 69788 | Depths:2 | Killed Nikola
 70259 | Depths:2 | Found Gaphes's Pet Rocks.
 70593 | Depths:2 | Noticed Asterion
 70597 | Depths:2 | Asterion changed into Asterion the alligator
 70597 | Depths:2 | Noticed Asterion
 70600 | Depths:2 | Killed Asterion the alligator
 70753 | Depths:2 | Found a one-way gate leading to the halls of Pandemonium.
 70779 | Depths:2 | Received a gift from Nemelex Xobeh
 71064 | Depths:2 | Identified the +10 spear of the Thirteen Beggars {heavy,
                  | *Corrode rElec rC+ Dex+3}
 71717 | Depths:3 | Reached XP level 23. HP: 263/263 MP: 32/32
 71938 | Depths:3 | Received a gift from Nemelex Xobeh
 72018 | Depths:3 | Noticed a golden dragon
 72025 | Depths:3 | Killed a golden dragon
 72312 | Depths:3 | Received a gift from Nemelex Xobeh
 72398 | Depths:3 | Reached XP level 24. HP: 273/273 MP: 32/32
 72404 | Depths:3 | Noticed the Enchantress
 72421 | Depths:3 | Killed the Enchantress
 72884 | Depths:4 | Entered Level 4 of the Depths
 72914 | Abyss:3  | Cast into level 3 of the Abyss (spriggan defender)
 73050 | Abyss:3  | Received a gift from Nemelex Xobeh
 73137 | Abyss:3  | Received a gift from Nemelex Xobeh
 73161 | Abyss:3  | Found a corrupted altar of Lugonu.
 73294 | Abyss:3  | Found a corrupted altar of Lugonu.
 73332 | Abyss:3  | Got an abyssal rune of Zot
 73353 | Depths:4 | Escaped the Abyss
 73639 | Depths:4 | Found a one-way gateway to a ziggurat.
 74199 | Depths:4 | Received a gift from Nemelex Xobeh
 74344 | Depths:4 | Found a gate to the Realm of Zot.
 74504 | Depths:4 | Found Zegrenn's Blood Bar.
 74574 | Depths:4 | Identified the +5 rapier "Lego" {drain, Fly rC- Will+}
 75108 | Vaults:5 | Entered Level 5 of the Vaults
 75108 | Vaults:5 | Identified the +4 robe of the Delightful God {^Drain +Inv
                  | rElec SInv}
 75108 | Vaults:5 | Noticed Boris
 75119 | Vaults:5 | Noticed an ancient lich
 75120 | Vaults:5 | Killed Boris
 75602 | Vaults:5 | Reached XP level 25. HP: 282/282 MP: 32/32
 75607 | Vaults:5 | Identified the orb "Xeafemer" {light, ^Contam Rampage
                  | +Blink rElec}
 75607 | Vaults:5 | Noticed Frederick
 75613 | Vaults:5 | Killed Frederick
 75622 | Vaults:5 | Killed an ancient lich
 75905 | Vaults:5 | Found Qenuc's Magic Scroll Shop.
 75911 | Vaults:5 | Bought a scroll of fog for 60 gold pieces
 75911 | Vaults:5 | Bought a scroll of noise for 15 gold pieces
 75911 | Vaults:5 | Bought a scroll of noise for 15 gold pieces
 75939 | Vaults:5 | Found Culuihok's Distillery.
 75954 | Vaults:5 | Received a gift from Nemelex Xobeh
 76076 | Vaults:5 | Bought a potion of haste for 190 gold pieces
 76076 | Vaults:5 | Bought a potion of curing for 57 gold pieces
 76076 | Vaults:5 | Bought 2 potions of berserk rage for 190 gold pieces
 76155 | Vaults:5 | Found Ovouhaed's Assorted Antiques.
 76160 | Vaults:5 | Bought a wand of roots (4) for 326 gold pieces
 76251 | Vaults:5 | Found Itehogoar's Distillery.
 76272 | Vaults:5 | Bought 2 potions of heal wounds for 170 gold pieces
 76272 | Vaults:5 | Bought 2 potions of ambrosia for 272 gold pieces
 76272 | Vaults:5 | Bought a potion of cancellation for 136 gold pieces
 76303 | Vaults:5 | Bought a potion of curing for 51 gold pieces
 76303 | Vaults:5 | Bought a potion of curing for 51 gold pieces
 76340 | Vaults:5 | Reached skill level 15 in Invocations
 76560 | Vaults:5 | Got a silver rune of Zot
 77578 | Zot:1    | Entered Level 1 of the Realm of Zot
 77926 | Orc:1    | Bought a potion of haste for 130 gold pieces
 77926 | Orc:1    | Bought a potion of might for 52 gold pieces
 77926 | Orc:1    | Bought a potion of curing for 39 gold pieces
 77926 | Orc:1    | Bought a potion of curing for 39 gold pieces
 77926 | Orc:1    | Bought a potion of haste for 130 gold pieces
 78209 | Vaults:5 | Bought a scroll of poison for 60 gold pieces
 78209 | Vaults:5 | Bought a scroll of revelation for 112 gold pieces
 78720 | Zot:1    | Received a gift from Nemelex Xobeh
 79170 | Zot:2    | Received a gift from Nemelex Xobeh
 79398 | Zot:3    | Reached XP level 26. HP: 293/293 MP: 34/34
 80327 | Zot:2    | Received a gift from Nemelex Xobeh
 81098 | Zot:3    | Received a gift from Nemelex Xobeh
 81113 | Zot:3    | Learned a level 4 spell: Vhi's Electric Charge
 81264 | Zot:3    | Reached skill level 1 in Air Magic
 81565 | Zot:4    | Noticed a Killer Klown
 81577 | Zot:4    | Killed a Killer Klown
 82264 | Zot:4    | Reached skill level 5 in Air Magic
 82682 | Zot:4    | Reached skill level 1 in Spellcasting
 82882 | Zot:4    | Received a gift from Nemelex Xobeh
 83320 | Zot:5    | Entered Level 5 of the Realm of Zot
 83363 | Zot:5    | Reached skill level 5 in Spellcasting
 83586 | Zot:5    | Received a gift from Nemelex Xobeh
 84074 | Zot:5    | Noticed an orb of fire
 84085 | Zot:5    | Killed an orb of fire
 84237 | Zot:5    | Noticed a dread lich
 84256 | Zot:5    | Killed a dread lich
 84272 | Zot:5    | Noticed a Killer Klown
 84281 | Zot:5    | Noticed an ancient lich
 84281 | Zot:5    | Noticed an orb of fire
 84291 | Zot:5    | Gained mutation: Your body sometimes deteriorates upon
                  | taking damage. [an orb of fire]
 84297 | Zot:5    | Killed an orb of fire
 84301 | Zot:5    | Killed a Killer Klown
 84318 | Zot:5    | Killed an ancient lich
 84319 | Zot:5    | Reached XP level 27. HP: 172/305 MP: 34/34
 84365 | Zot:5    | Noticed a dread lich
 84375 | Zot:5    | Killed a dread lich
 84436 | Zot:5    | Noticed an ancient lich
 84480 | Zot:5    | Killed an ancient lich
 84560 | Zot:5    | Noticed an orb of fire
 84564 | Zot:5    | Gained mutation: You sometimes lose your temper in combat.
                  | [an orb of fire]
 84565 | Zot:5    | Killed an orb of fire
 84567 | Zot:5    | Noticed a dread lich
 84573 | Zot:5    | Killed a dread lich
 84610 | Zot:5    | Noticed an ancient lich
 84613 | Zot:5    | Noticed a dread lich
 84619 | Zot:5    | Killed an ancient lich
 84621 | Zot:5    | Killed a dread lich
 84670 | Zot:5    | Noticed an orb of fire
 84677 | Zot:5    | Killed an orb of fire
 84753 | Zot:5    | Noticed an orb of fire
 84758 | Zot:5    | Killed an orb of fire
 84818 | Zot:5    | Lost mutation: You sometimes lose your temper in combat.
                  | [potion of mutation]
 84818 | Zot:5    | Lost mutation: Your body sometimes deteriorates upon taking
                  | damage. [potion of mutation]
 84818 | Zot:5    | Gained mutation: Your flesh is heat resistant. (rF+)
                  | [potion of mutation]
 84818 | Zot:5    | Gained mutation: You occasionally lose the ability to read
                  | scrolls when taking damage. [potion of mutation]
 84818 | Zot:5    | Gained mutation: You have hidden genetic potential. [potion
                  | of mutation]
 84819 | Zot:5    | Lost mutation: You occasionally lose the ability to read
                  | scrolls when taking damage. [potion of mutation]
 84819 | Zot:5    | Lost mutation: Your flesh is heat resistant. (rF+) [potion
                  | of mutation]
 84819 | Zot:5    | Lost mutation: You have hidden genetic potential. [potion
                  | of mutation]
 84819 | Zot:5    | Gained mutation: You are frail. (-10% HP) [potion of
                  | mutation]
 84819 | Zot:5    | Gained mutation: You are occasionally teleported next to
                  | monsters. [potion of mutation]
 84819 | Zot:5    | Gained mutation: You expend magic power (3 MP) to
                  | strengthen your wands. [potion of mutation]
 84820 | Zot:5    | Lost mutation: You expend magic power (3 MP) to strengthen
                  | your wands. [potion of mutation]
 84820 | Zot:5    | Lost mutation: You are frail. (-10% HP) [potion of
                  | mutation]
 84820 | Zot:5    | Lost mutation: You are occasionally teleported next to
                  | monsters. [potion of mutation]
 84820 | Zot:5    | Gained mutation: You are frail. (-10% HP) [potion of
                  | mutation]
 84820 | Zot:5    | Lost mutation: You are frail. (-10% HP) [potion of
                  | mutation]
 84820 | Zot:5    | Gained mutation: You are somewhat resistant to further
                  | mutation. [potion of mutation]
 84992 | Zot:5    | Found the +3 crown of Dyrovepreva {rElec Int+2 SInv}
 85017 | Zot:5    | Got the Orb of Zot
 85075 | Zot:5    | Noticed Ycrasots the pandemonium lord
 85129 | Zot:2    | Identified the +4 robe of Zin's Grace {Str+4}
 85129 | Zot:2    | Noticed Boris
 85134 | Zot:2    | Killed Boris
 85166 | Zot:2    | Noticed Paipnybb the pandemonium lord
 85174 | Zot:2    | Killed Paipnybb the pandemonium lord
 85247 | Depths:4 | Noticed Zuronwaj the pandemonium lord
 85257 | Depths:4 | Killed Zuronwaj the pandemonium lord
 85493 | D:9      | Noticed Xifuke the pandemonium lord
 85495 | D:8      | Noticed Kiciptov the pandemonium lord
 85657 | D:$      | Escaped with the Orb!

Illustrated notes

Levels and vault maps discovered:
D:1:      psy_arrival_terrarium, layout_basic
D:2:      layout_basic
D:3:      layout_basic, mainiacjoe_overflow_catwalk,
          nicolae_ecumenical_snake_handling, roderic_roman_lattice
D:4:      layout_cave_pods, nicolae_overflow_hidden_temple
D:5:      layout_cave_pools, mainiacjoe_overflow_24_doors, uniq_eustachio,
          uniq_crazy_yiuf_cottage
D:6:      lemuel_ratsnest, layout_cave_pools, minmay_temple_entry_glassed_door,
          gammafunk_ghost_hive
D:7:      layout_loops_ring, minitemple, uniq_prince_ribbit1, uniq_maggie
D:8:      layout_basic, ebering_ghost_xom, st_stairs_4, minmay_misc_feat_square,
          nicolae_concentric_dashed_squares_wild
D:9:      layout_gridville, nicolae_qazlal_general_emergency, orc_0_dummy,
          minmay_diced_spiral
D:10:     layout_basic, david_lair_shrubbed, minmay_nine_imps
D:11:     layout_cross, gammafunk_ghost_smash, serial_column_ruins,
          column_ruins_open_small, column_ruins_columns_T, column_ruins_grid_1,
          column_ruins_open_small_water, column_ruins_corridor_straight,
          column_ruins_grid_2, column_ruins_open_tiny_water
D:12:     layout_basic
D:13:     minmay_the_grid_four_pointed_star_mashed
          [minmay_the_grid_triangle_9x9_alien,
          minmay_the_grid_triangle_9x9_checkered,
          minmay_the_grid_triangle_9x9_subtriangle,
          minmay_the_grid_triangle_9x9_sprig,
          minmay_the_grid_prize_four_corners], layout_rooms, serial_ice,
          serial_ice_c, serial_ice_a, serial_ice_k, serial_ice_d, serial_ice_h,
          serial_ice_g, portal_ice_cave_entry_animals_and_master,
          trove_entry_hex_spiral, serial_bayou_pond_e, tgw_lugonu_bribe
D:14:     layout_rooms, erik_vaults_2, chequers_decorated_corner, special_room
          [special_room_bee], lemuel_freeze_loot_1
D:15:     hangedman_depths_entry_civil_slaughter, layout_basic,
          hangedman_abyss_or_decor_lesser_grid
Temple:   nicolae_temple_superstar
Lair:1:   layout_chaotic_city
Lair:2:   layout_regular_city, minmay_snake_entry_guardpost_medium
Lair:3:   layout_gridlike, swamp_mist_pool
Lair:4:   layout_loops_ring, slime_entry_2, basic_altar, enter_volcano_1,
          uniq_josephine
Lair:5:   hangedman_lair_in_review, layout_gridlike, wormcave,
          chequers_serial_rivers_micro_e
Swamp:1:  layout_falls_marsh, gammafunk_ghost_grave, evilmike_swamp_ruin_house_1
Swamp:2:  layout_falls_marsh, evilmike_swamp_ruin_house_6, uniq_frances
Swamp:3:  cheibrodos_swamp_tower_of_moss, layout_basic_swamp,
          nicolae_swamp_big_swirl
Swamp:4:  swamp_basic_johnstein, layout_basic_swamp, swamp_pool_1_2
Snake:1:  layout_chambers, basic_altar
Snake:2:  layout_grid_maze, gammafunk_ghost_berserking_beasts,
          nicolae_shop_overcharged_wands, nicolae_triple_integral, uniq_azrael
Snake:3:  layout_basic, guppyfry_snake_island, minmay_shop_star
Snake:4:  snake_pit, layout_cave_town, grunt_megastairs_5, uniq_mara,
          uniq_aizul, uniq_roxanne
Orc:1:    layout_caves, serial_shops, nicolae_shop_tiny_real_fake_doors,
          nicolae_shop_stone, nicolae_shop_crystal, shop, uniq_erolcha,
          uniq_nergalle
Orc:2:    grunt_orc_gardens, layout_caves, grunt_orc_garden, grunt_orc_garden,
          grunt_orc_garden, grunt_orc_garden, uniq_maurice
Elf:1:    eino_elf_arrival_shootout, layout_geoelf_diagonals,
          gammafunk_ghost_fury_of_okawaru, kennysheep_underground_church,
          nicolae_elf_v_pinch, einodemon_crawler_minivault,
          lemuel_upstairs_altar, uniq_jorgrun
Elf:2:    nicolae_elf_blades_crystal_corner, layout_geoelf_grid
Elf:3:    minmay_elf_hall_quartered_circle, layout_gridlike
Vaults:1: grunt_vaults_funnel, vaults_room_pools, nicolae_vaults_display_case,
          nicolae_vaults_closet_pinwheel_5, nicolae_vaults_network_periphery,
          vaults_mumra_minichess, v_alt_pattern_2, v_misc_33,
          nicolae_vaults_diamond_2, layout_vaults_omnigrid, serial_shops, shop
Vaults:2: v_pattern_3, nicolae_vaults_shipping_containers_7,
          nicolae_vaults_offset_grid_hallway_3,
          nicolae_vaults_storage_closets_3, vaults_room_octagon,
          nicolae_vaults_storage_closets_2, nicolae_vaults_network_quinsquares
          [nicolae_vaults_network_quincunx_subvault,
          nicolae_vaults_network_quincunx_subvault,
          nicolae_vaults_network_quincunx_subvault,
          nicolae_vaults_network_quincunx_subvault], v_misc_1,
          nicolae_vaults_oval_intersection, nicolae_vaults_theta,
          layout_vaults_omnicross
Vaults:3: advil_vaults_ghost_lines, nicolae_vaults_network_s,
          minmay_crypt_entry_necro_gods, vaults_room_hangedman_quadrants,
          ontoclasm_vaults_hangar, vaults_room_boxed, serial_ice_h,
          nicolae_vaults_closet_pinwheel_1, serial_library_hellmonk_semicircle,
          v_misc_15, nicolae_vaults_asterisk, nicolae_vaults_storage_room_glass,
          vaults_room_corners, vaults_room_door_hall,
          layout_vaults_chaotic_city, serial_shops, shop
Vaults:4: nicolae_vaults_offset_grid_hallway_3, nicolae_vaults_three_branches,
          hangedman_vaults_slice, nicolae_vaults_yaktaur_gun_rack,
          hangedman_vaults_cutoff, v_rooms_5, v_misc_16,
          nicolae_vaults_little_squares_4, hangedman_vaults_maws,
          layout_vaults_ring, uniq_boris
Vaults:5: uniq_frederick
Depths:1: hourglass_vault, layout_cave_pools, serial_shops,
          nicolae_shop_statue_plus, abyss_entry_glasseish, hell_entry,
          hangedman_blasphemy
Depths:2: gammafunk_mikee_crab_dinner, layout_gridville, grunt_pan_entry_zigzag,
          serial_sigils_hangedman_quiver, hell_entry, guppyfry_shop_earth,
          uniq_vv, uniq_nikola, uniq_asterion
Depths:3: grunt_forest_end_winery, layout_twisted_cross, nicolae_eternal_life,
          rand_demon_pan_entry_4, abyss_entry, hell_entry,
          kennysheep_nondecorative_pillar
Depths:4: evilmike_zot_entry_round, layout_gridlike, enter_ziggurat_e,
          hell_entry, minmay_misc_feat_alley, guppyfry_shop_blood,
          kennysheep_random_hallway
Zot:1:    layout_gridlike
Zot:2:    layout_cathedral_of_symmetry
Zot:3:    layout_basic, nicolae_zig_zag_zippers
Zot:4:    layout_concentric_octagons, grunt_ministairs_10
Zot:5:    layout_cathedral_of_symmetry, grunt_ministairs_2, st_stairs_13

Skill      XL: |  1  2  3  4  5  6  7  8  9 10 11 12 13 14 15 16 17 18 19 20 21 22 23 24 25 26 27 |
---------------+----------------------------------------------------------------------------------+-----
Unarmed Combat | 3 4 5 6 7 8 9 11 12 14 15 16 17 18 19 21 23 | 23.0
Stealth        | 1 2 |  2.0
Fighting       | 2 4 5 10 13 15 16 17 18 20 21 22 23 | 23.0
Shapeshifting  | 6 7 8 10 11 15 16 | 16.0
Invocations    | 1 5 8 10 13 15 | 15.9
Evocations     | 1 4 5 7 9 |  9.9
Dodging        | 4 5 7 9 10 12 | 12.6
Shields        | 4 11 15 16 17 18 20 | 20.0
Translocations | 3 5 8 9 |  9.0
Necromancy     | 3 |  3.1
Air Magic      | 8 |  8.0
Spellcasting   | 5 7 |  7.0
Throwing       | |  0.3

Action                     |  1- 3 |  4- 6 |  7- 9 | 10-12 | 13-15 | 16-18 | 19-21 | 22-24 | 25-27 || total
---------------------------+-------+-------+-------+-------+-------+-------+-------+-------+-------++-------
  Melee: Unarmed           |   101 |   118 |   324 |   369 |  1140 |  1098 |  1090 |   819 |   933 ||  5992
         Headbutt          |    10 |     9 |    50 |   100 |   339 |   249 |   244 |   193 |   231 ||  1425
         Punch             |       |     5 |    12 |       |       |    37 |       |       |       ||    54
  Throw: Dart              |       |    13 |    68 |       |       |       |       |       |       ||    81
   Cast: Blink             |       |       |       |       |     1 |       |       |       |       ||     1
         Vhi's Electric Ch |       |       |       |       |       |       |       |       |     9 ||     9
 Invoke: Draw Destruction  |       |       |     1 |    18 |    26 |    30 |    22 |    18 |    11 ||   126
         Draw Summoning    |       |       |       |     3 |     8 |     5 |     1 |     5 |     7 ||    29
         Draw Escape       |       |       |       |     2 |     2 |     1 |       |     1 |     1 ||     7
         Deal Four         |       |       |       |       |       |       |       |     1 |       ||     1
         Stack Five        |       |       |       |       |       |       |       |     1 |       ||     1
  Evoke: Wand              |       |       |     4 |     4 |    27 |     7 |     2 |     5 |     7 ||    56
         Lightning rod     |       |       |       |     7 |     5 |       |       |       |       ||    12
         Tin of tremorston |       |       |       |     3 |     1 |     3 |     4 |     3 |       ||    14
    Use: Potion            |     2 |     5 |     4 |     1 |     7 |     2 |       |     7 |    17 ||    45
         Scroll            |       |     5 |     8 |     4 |    10 |    10 |     1 |     3 |    15 ||    56
   Stab: Sleeping          |     4 |     2 |     1 |       |       |     2 |       |       |       ||     9
         Distracted        |       |       |       |     1 |     1 |       |     1 |     2 |       ||     5
         Petrified         |       |       |       |       |    15 |       |       |     4 |       ||    19
         Paralysed         |       |       |       |       |     4 |       |       |     2 |       ||     6
         Petrifying        |       |       |       |       |     1 |       |       |       |       ||     1
 Armour: Animal skin       |    64 |    69 |   145 |       |       |       |       |       |       ||   278
         Skin              |     1 |    57 |    49 |   250 |   709 |  1854 |  1294 |   884 |   798 ||  5896
  Dodge: Dodged            |    38 |    45 |   172 |   243 |   796 |  1003 |   779 |   544 |   470 ||  4090
  Block: Kite shield       |       |       |       |       |       |   177 |   834 |       |       ||  1011
         Reflection        |       |       |       |       |       |    10 |    64 |       |       ||    74
         Tower shield      |       |       |       |       |       |       |    17 |  1102 |  1097 ||  2216
   Form: Flux              |       |       |     1 |       |       |       |       |       |       ||     1
         Statue            |       |       |       |       |       |     1 |     1 |     1 |       ||     3
                           |       |       |       |       |       |       |     1 |     1 |       ||     2

Table legend: (Time is in decaauts)
 A = Elapsed time spent in this place.
 B = Non-inter-level travel time spent in this place.
 C = Inter-level travel time spent in this place.
 D = Time resting spent in this place.
 E = Time spent auto-exploring this place.
 F = Levels seen in this place.
 G = Mean time per level.
                   A        B        C        D        E       F      G
               +--------+--------+--------+--------+--------+-----+--------+
         Total | 103890 |  96406 |   7484 |  32610 |  46203 |  49 | 2120.2 |
       Dungeon |  32351 |  29299 |   3052 |  14867 |   9859 |  15 | 2156.7 |
        Temple |      4 |      2 |      2 |      0 |      0 |   1 |    4.0 |
          Lair |  13500 |  12716 |    784 |   5558 |   5389 |   5 | 2700.0 |
         Swamp |   5685 |   5483 |    202 |   1863 |   2680 |   4 | 1421.2 |
     Snake Pit |   8480 |   7946 |    534 |   1499 |   4701 |   4 | 2120.0 |
  Orcish Mines |   2966 |   2757 |    209 |   1208 |   1058 |   2 | 1483.0 |
   Elven Halls |   7332 |   6977 |    355 |   1543 |   3964 |   3 | 2444.0 |
        Vaults |  13953 |  12727 |   1226 |   2295 |   7911 |   5 | 2790.6 |
        Depths |   8946 |   8161 |    785 |   1536 |   4798 |   4 | 2236.5 |
           Zot |  10058 |   9728 |    330 |   2175 |   5840 |   5 | 2011.6 |
         Abyss |    610 |    610 |      0 |     63 |      0 |   1 |  610.0 |
               +--------+--------+--------+--------+--------+-----+--------+

Top non-repeatable levels by time:
    D:14: 5640 daAuts
    D:12: 3709 daAuts
    D:15: 3488 daAuts
  Lair:3: 3459 daAuts
   Elf:3: 3408 daAuts
Vaults:3: 3359 daAuts
  Lair:4: 3320 daAuts
  Lair:5: 3182 daAuts
Depths:3: 3097 daAuts
Vaults:4: 2977 daAuts
Vaults:5: 2892 daAuts
 Snake:4: 2724 daAuts
    D:11: 2584 daAuts
    D:10: 2532 daAuts
   Zot:5: 2524 daAuts
